 Dungeon Sprint DCSS version 0.16.1-28-gcc2312f (webtiles) character file.

26 Kidiri the Firebug (level 2, -1/18 HPs)
             Began as a High Elf Fire Elementalist on May 28, 2015.
             Was a Follower of Vehumet.
             Slain by a gnoll
             ... wielding a +0 halberd
              (7 damage)
             ... in the Dungeon (Sprint VII: "The Pits").
             The game lasted 00:01:55 (335 turns).

Kidiri the Firebug (High Elf Fire Elementalist)      Turns: 335, Time: 00:01:55

Health: -1/18      AC:  2    Str:  7    XL:     2   Next: 89%
Magic:  5/7        EV: 13    Int: 18    God:    Vehumet [*.....]
Gold:   0          SH:  0    Dex: 15    Spells: 2 memorised, 5 levels left

rFire  . . .     SeeInvis .     j - +2 falchion
rCold  . . .     Clarity  .     a - +0 robe
rNeg   . . .     SustAb   .     (no shield)
rPois  .         Gourm    .     (no helmet)
rElec  .         Spirit   .     (no cloak)
rCorr  .         Warding  .     (no gloves)
rMut   .         NoTele   +     (no boots)
MR     .....                    (no amulet)
Stlth  ++........               (no ring)
                                (no ring)

@: not resistant to hostile enchantments, unstealthy
A: no striking features
a: Renounce Religion


You were in the Dungeon.
You worshipped Vehumet.
Vehumet was aware of your devotion.
You were not hungry.

You visited 1 branch

Inventory:

Hand weapons
 j - a +2 falchion (weapon)
Armour
 a - a +0 robe (worn)
Scrolls
 i - a scroll of blinking
 n - 3 scrolls of remove curse
 o - 5 scrolls of amnesia
 p - a scroll of summoning
Potions
 d - a potion of curing
 e - a potion of heal wounds
 f - a potion of haste
 g - 4 potions of magic
 h - 3 potions of berserk rage
 m - 2 potions of invisibility
Books
 b - a book of Flames

   Spells                             Type                      Level
   a - Flame Tongue                   Conjuration/Fire             1
   b - Throw Flame                    Conjuration/Fire             2
   c - Conjure Flame                  Conjuration/Fire             3
   d - Inner Flame                    Hexes/Fire                   3
   e - Sticky Flame                   Conjuration/Fire             4
   f - Fireball                       Conjuration/Fire             5
Comestibles
 c - 8 bread rations
 k - 40 fruits
 l - 7 meat rations


   Skills:
 + Level 1.5 Fighting
 + Level 3.1 Dodging
 + Level 3.0 Stealth
 * Level 3.8 Spellcasting
 * Level 3.1 Conjurations
 * Level 4.0 Fire Magic


You had 5 spell levels left.
You knew the following spells:

 Your Spells              Type           Power        Failure   Level  Hunger
a - Flame Tongue          Conj/Fire      ###..        3%          1    None
b - Throw Flame           Conj/Fire      ###...       6%          2    ##.....


Dungeon Overview and Level Annotations

Branches:
Dungeon (1/1)

Altars:
Ashenzari
Cheibriados
Dithmenos
Elyvilon
Fedhas
Gozag
Kikubaaqudgha
Makhleb
Nemelex Xobeh
Okawaru
Qazlal
Ru
Sif Muna
Trog
Vehumet
Xom
Yredelemnul
Zin
The Shining One
Beogh
Jiyva
Lugonu


Message History

The gnoll is almost dead.
The gnoll hits you.
You hit the gnoll.
You kill the gnoll!
Vehumet accepts your kill.
Your Dodging skill increases to level 3!
Your Stealth skill increases to level 3!
Your Conjurations skill increases to level 3!
Your Fire Magic skill increases to level 4!
The bat hits you but does no damage.
You closely miss the bat. The bat barely misses you. The bat hits you.
You hit the bat.
The bat is severely wounded.
The bat hits you. The bat hits you but does no damage.
The gnoll completely misses you. The bat misses you.
You barely miss the bat.
The bat is severely wounded.
The bat misses you.
The gnoll hits you from afar with a halberd!
You die...

#__________#
#.#####'##############
#_#)))'.'..##..........
#_#)).#.#?(##......#..#.
#######'#####...........
#.......†...'...........
#+#####'#####......#..#..
#. #...'.##............
#.s#...#@#####'#####++#
#..#####b##.......#
#.gg.g.#g##.......#
#.gg.g.gg##.......#
#..########...<...# #.
#.......# # #.......#
#.......# #########


You could see 2 gnolls, a goblin and a bat.

Vanquished Creatures
  2 gnolls (D)
  An ooze (D)
  A bat skeleton (D)
  2 giant cockroaches (D)
6 creatures vanquished.

Notes
Turn   | Place    | Note
--------------------------------------------------------------
     0 | D        | Kidiri, the High Elf Fire Elementalist, began the quest for the Orb.
     0 | D        | Reached XP level 1. HP: 11/11 MP: 4/4
    23 | D        | Found a sacrificial altar of Ru.
    23 | D        | Found a basalt altar of Yredelemnul.
    23 | D        | Found a shadowy altar of Dithmenos.
    23 | D        | Found a deep blue altar of Sif Muna.
    23 | D        | Found a burning altar of Makhleb.
    23 | D        | Found a shimmering altar of Xom.
    23 | D        | Found an ancient bone altar of Kikubaaqudgha.
    23 | D        | Found a sparkling altar of Nemelex Xobeh.
    24 | D        | Found a glowing golden altar of the Shining One.
    24 | D        | Found a bloodstained altar of Trog.
    24 | D        | Found a shattered altar of Ashenzari.
    24 | D        | Found a white marble altar of Elyvilon.
    24 | D        | Found a snail-covered altar of Cheibriados.
    24 | D        | Found a blossoming altar of Fedhas.
    24 | D        | Found a radiant altar of Vehumet.
    24 | D        | Found a glowing silver altar of Zin.
    24 | D        | Found a corrupted altar of Lugonu.
    24 | D        | Found a viscous altar of Jiyva.
    24 | D        | Found a roughly hewn altar of Beogh.
    24 | D        | Found an iron altar of Okawaru.
    30 | D        | Found a stormy altar of Qazlal.
    30 | D        | Found an opulent altar of Gozag.
    32 | D        | Became a worshipper of Vehumet
   258 | D        | Acquired Vehumet's first power
   258 | D        | Offered knowledge of Magic Dart by Vehumet.
   261 | D        | Reached skill level 1 in Fighting
   261 | D        | Reached XP level 2. HP: 16/18 MP: 1/7
   265 | D        | Learned a level 2 spell: Throw Flame
   326 | D        | Noticed a gnoll sergeant
   332 | D        | Reached skill level 4 in Fire Magic
   335 | D        | Slain by a gnoll

Action                   || total
-------------------------++-------
Melee: Falchion          ||    11
 Cast: Flame Tongue      ||     9
